 Dungeon Crawl Stone Soup version 0.30-a0-870-gc5d4c5acee (webtiles) character file.

Game seed: 16518354377926020482

2900 Axe the Covert (level 9, 0/69 HPs)
             Began as a Demonspawn Brigand on Mar 11, 2023.
             Was an Initiate of Dithmenos.
             Slain by a yak (10 damage)
             ... on level 9 of the Dungeon.
             The game lasted 00:25:19 (7695 turns).

Axe the Covert (Demonspawn Brigand)                 Turns: 7695, Time: 00:25:20

Health: 0/69       AC:  7    Str: 11    XL:     9   Next: 49%
Magic:  0/9        EV: 19    Int: 15    God:    Dithmenos [......]
Gold:   1035       SH:  0    Dex: 17    Spells: 5/8 levels left

rFire   . . .      SeeInvis .    b - +2 dagger (spect)
rCold   . . .      Faith    .    (no shield)
rNeg    . . .      Spirit   +    m - +1 robe {Will+}
rPois   .          Reflect  .    p - +2 helmet
rElec   .          Rampage  .    c - +0 cloak
rCorr   .                        (no gloves)
Will    ++...                    (no boots)
Stlth   ++++                     o - amulet of guardian spirit
HPRegen 0.31/turn                l - ring of willpower
MPRegen 0.11/turn                (no ring)

@: agile
A: hooves 2, foul stench 1, powered by pain 2
a: Renounce Religion


You were on level 9 of the Dungeon.
You worshipped Dithmenos.
Dithmenos was noncommittal.
You visited 2 branches of the dungeon, and saw 10 of its levels.

You collected 1035 gold pieces.

Inventory:

Hand Weapons
 a - a +2 sling of freezing
 b - a +2 spectral dagger (weapon)
Missiles
 d - 7 poisoned darts (quivered)
Armour
 c - a +0 cloak (worn)
 m - a +1 robe of willpower (worn)
 p - a +2 helmet (worn)
Jewellery
 e - the ring of the Zebra {rN+++ Str+2 Int+3 Slay-2 SInv}
   (You acquired it on level 6 of the Dungeon)

   [ring of see invisible]

   Str:       It affects your strength (+2).
   Int:       It affects your intelligence (+3).
   Slay:      It affects your accuracy & damage with ranged weapons and melee
   (-2).
   rN:        It renders you almost immune to negative energy.
   SInv:      It lets you see invisible.
 l - a ring of willpower (left hand)
 o - an amulet of guardian spirit (around neck)
Wands
 w - a wand of roots (2)
Scrolls
 f - 5 scrolls of vulnerability
 g - 2 scrolls of immolation
 h - a scroll of amnesia
 j - 9 scrolls of identify
 n - a scroll of blinking
 t - 2 scrolls of teleportation
 v - a scroll of enchant weapon
Potions
 i - a potion of flight {unknown}
 k - a potion of haste {unknown}
 q - 4 potions of heal wounds {unknown}
 r - a potion of berserk rage {unknown}
 s - 3 potions of attraction
 x - a potion of cancellation {unknown}


   Skills:
 + Level 6.2 Fighting
 - Level 5.0 Short Blades
 + Level 2.2 Ranged Weapons
 - Level 1.7 Throwing
 + Level 5.3 Dodging
 * Level 9.1 Stealth


You had 5 spell levels left.
You knew the following spells:

 Your Spells              Type           Power      Damage    Failure   Level
a - Stone Arrow           Conj/Erth      0%         3d7       63%         3

Your spell library contained the following spells:

 Spells                   Type           Power      Damage    Failure   Level
 Ensorcelled Hibernation  Hex/Ice        0%         N/A       38%         2
 Passwall                 Tmut/Erth      0%         N/A       38%         2
 Static Discharge         Conj/Air       0%         2-2/arc   38%         2
 Swiftness                Air            0%         N/A       63%         3
 Vhi's Electric Charge    Tloc/Air       0%         N/A       63%         3
 Airstrike                Air            0%         2d(0-16)  95%         4
 Animate Armour           Summ/Erth      0%         N/A       95%         4
 Summon Lightning Spire   Summ/Air       0%         N/A       95%         4
 Arcjolt                  Conj/Air       0%         1d10      100%        5
 Lightning Bolt           Conj/Air       0%         1d11      100%        5
 Lehudib's Crystal Spear  Conj/Erth      0%         10d2      100%        8


Dungeon Overview and Level Annotations

Branches:
Dungeon (9/15)             Temple (1/1) D:7
   Lair: D:8-11         Orc: D:9-12

Altars:
Cheibriados
Dithmenos
Fedhas
Hepliaklqana
Makhleb
Nemelex Xobeh
Okawaru
Qazlal
Ru
Sif Muna
Trog
Uskayaw
Vehumet
Wu Jian
Xom
Yredelemnul

Annotations:
D:8 3 runed translucent doors, ZoeForever1's ghost, novice DsRe


Innate Abilities, Weirdness & Mutations

You have hoof-like feet.
You may rarely emit foul miasma when damaged in melee.
You sometimes gain power by taking damage.


Message History

The yak is lightly wounded.
The yak gores you.
* * * LOW HITPOINT WARNING * * *
Throw: 9 darts (poison)
Press: ? - help, Q - select action, (/) - cycle Shift-Dir - straight line, f/p - yak
Aim: a yak (moderately wounded, extremely poisoned, 73% to hit)
You throw a poisoned dart. The poisoned dart hits the yak.
The yak looks as sick as possible!
The yak is moderately wounded.
The yak gores you but does no damage.
Throw: 8 darts (poison)
Press: ? - help, Q - select action, (/) - cycle Shift-Dir - straight line, f/p - yak
Aim: a yak (moderately wounded, extremely poisoned, 73% to hit)
You throw a poisoned dart. The poisoned dart hits the yak.
The yak looks as sick as possible!
The yak is moderately wounded.
The yak misses you.
You hit the yak. Your kick misses the yak.
The yak is heavily wounded.
The yak gores you!
* * * LOW HITPOINT WARNING * * *
You feel better. The yak gores you.
* * * LOW HITPOINT WARNING * * *
You hit the yak.
The yak is heavily wounded.
The yak completely misses you.
You hit the yak. You kick the yak, but do no damage.
You punch the yak, but do no damage.
The yak is heavily wounded.
You barely miss the yak.
The yak is heavily wounded.
The yak gores you!
* * * LOW HITPOINT WARNING * * *
You hit the yak but do no damage. You kick the yak, but do no damage.
The yak is severely wounded.
The yak completely misses you.
You hit the yak.
The yak is severely wounded.
The yak gores you!
You die...

### ..# #.# #.#
#######.########
....(.....(Y@..#
Y######.######.#
#.# #.# #.# #.#
#.# #.# #.####
#.# .....# #.#
####.# #.# #<#
#.#


You could see a yak (very poisoned).

Vanquished Creatures
  Joseph (D:7)
  Prince Ribbit (D:7)
  3 yaks (D:9)
  Menkaure (D:6)
  2 water moccasins
  An orc warrior (D:5)
  An ice beast (D:6)
  A sky beast (D:6)
  2 black bears
  2 ogres
  A kobold brigand (D:6)
  Blork the orc (D:6)
  A gnoll sergeant (D:7)
  2 killer bees (D:8)
  A howler monkey (D:6)
  2 orc priests
  2 hounds
  3 jellies
  A sleepcap (D:7)
  2 orc wizards (D:4)
  4 iguanas
  Robin (D:2)
  6 gnolls
  9 adders
  2 shadow imps
  2 white imps
  An ufetubus (D:4)
  A worm (D:3)
  3 dart slugs
  15 orcs
  10 bats
  An endoplasm (D:1)
  3 giant cockroaches
  16 goblins
  5 hobgoblins
  8 jackals
  17 kobolds
  3 quokkas
  6 ball pythons
  3 frilled lizards
  3 rats
150 creatures vanquished.

Notes
Turn   | Place    | Note
-------+----------+-------------------------------------------
     0 | D:1      | Axe the Demonspawn Brigand began the quest for the Orb.
     0 | D:1      | Reached XP level 1. HP: 16/16 MP: 1/1
    40 | D:1      | Reached skill level 1 in Dodging
   148 | D:1      | Gained mutation: You may rarely emit foul miasma when
                  | damaged in melee. [demonic ancestry]
   148 | D:1      | Reached XP level 2. HP: 22/22 MP: 2/2
   750 | D:2      | Reached skill level 4 in Stealth
   780 | D:2      | Identified the +1 pair of gloves "Ucsecvat" {Drain rElec
                  | rC- Int+6}
   867 | D:2      | Reached XP level 3. HP: 28/28 MP: 3/3
   887 | D:2      | Noticed Robin
   915 | D:2      | Killed Robin
  1272 | D:2      | Reached XP level 4. HP: 25/34 MP: 4/4
  1305 | D:2      | Found an iron altar of Okawaru.
  2065 | D:3      | Noticed a black bear
  2078 | D:3      | Killed a black bear
  2079 | D:3      | Reached skill level 5 in Stealth
  2079 | D:3      | Reached XP level 5. HP: 38/41 MP: 3/5
  2140 | D:3      | Upgraded the game from 0.30-a0-867-g305f33218d to
                  | 0.30-a0-870-gc5d4c5acee
  2385 | D:4      | Learned a level 3 spell: Stone Arrow
  2437 | D:4      | Gained mutation: You have large cloven feet. [demonic
                  | ancestry]
  2437 | D:4      | Reached XP level 6. HP: 39/47 MP: 4/6
  2763 | D:4      | Identified the +8 short sword "Bumenwot" {speed, *Noise
                  | rPois rF++}
  2765 | D:4      | Found a shimmering altar of Xom.
  3417 | D:5      | Entered Level 5 of the Dungeon
  4236 | D:5      | Noticed an orc warrior
  4306 | D:5      | Gained mutation: You have hoof-like feet. [demonic
                  | ancestry]
  4306 | D:5      | Reached XP level 7. HP: 53/53 MP: 7/7
  4467 | D:5      | Reached skill level 6 in Stealth
  4816 | D:6      | Identified a scroll of acquirement
  4816 | D:6      | Acquired the ring of the Zebra {rN+++ Str+2 Int+3 Slay-2
                  | SInv}
  4928 | D:6      | Noticed Menkaure
  5063 | D:6      | Noticed Blork the orc
  5084 | D:6      | Gained mutation: You sometimes gain a little power by
                  | taking damage. [demonic ancestry]
  5084 | D:6      | Reached XP level 8. HP: 30/61 MP: 8/8
  5124 | D:7      | Reached skill level 7 in Stealth
  5551 | D:7      | Found a staircase to the Ecumenical Temple.
  5560 | Temple   | Entered the Ecumenical Temple
  5568 | Temple   | Became a worshipper of Dithmenos the Shadowed
  5721 | D:7      | Noticed Prince Ribbit
  5744 | D:7      | Killed Prince Ribbit
  5745 | D:7      | Reached skill level 5 in Fighting
  5945 | D:7      | Noticed Joseph
  5952 | D:7      | Killed Joseph
  5953 | D:7      | Reached skill level 5 in Short Blades
  5953 | D:7      | Reached skill level 8 in Stealth
  6241 | D:6      | Killed Blork the orc
  6365 | D:6      | Killed Menkaure
  6366 | D:6      | Gained mutation: You sometimes gain power by taking damage.
                  | [demonic ancestry]
  6366 | D:6      | Reached XP level 9. HP: 23/68 MP: 3/9
  6536 | D:6      | Reached skill level 1 in Ranged Weapons
  6776 | D:6      | Reached skill level 5 in Dodging
  7063 | D:6      | Acquired 621 gold pieces
  7122 | D:8      | Noticed a two-headed ogre
  7183 | D:8      | Noticed a cyclops
  7228 | D:8      | Noticed ZoeForever1's ghost (novice DsRe)
  7231 | D:8      | Found a runed translucent gate.
  7231 | D:8      | Found a runed translucent gate.
  7231 | D:8      | Found a runed translucent gate.
  7660 | D:9      | Reached skill level 9 in Stealth
  7695 | D:9      | Slain by a yak

Illustrated notes

Levels and vault maps discovered:
D:1:      reono_arrival_mine, layout_basic
D:2:      layout_loops_ring, basic_altar, minmay_misc_feat_square,
          minmay_unequal, uniq_robin
D:3:      layout_basic
D:4:      cheibrodos_helix_gallery, layout_basic,
          mainiacjoe_overflow_tiny_flanked
D:5:      layout_basic, roderic_batcave
D:6:      layout_cave_pools, minmay_misc_feat_cross, uniq_blork_the_orc,
          uniq_menkaure
D:7:      layout_basic, minmay_temple_entry_sparse_star, uniq_prince_ribbit1,
          uniq_joseph
D:8:      layout_loops_ring, mainiacjoe_overflow_divided_tiny,
          dpeg_lair_monsters, gammafunk_ghost_nasty_kobolds, uniq_psyche
D:9:      layout_loops_ring, minmay_evil_grid
Temple:   nicolae_temple_no_exploring_needed

Skill      XL: |  1  2  3  4  5  6  7  8  9 |
---------------+----------------------------+-----
Dodging        | 1 2 3 4 5 |  5.3
Short Blades   | 2 3 4 5 |  5.0
Stealth        | 4 5 6 8 9 |  9.1
Fighting       | 3 4 5 6 |  6.2
Ranged Weapons | 2 |  2.2
Throwing       | |  1.7

Action                     |  1- 3 |  4- 6 |  7- 9 || total
---------------------------+-------+-------+-------++-------
  Melee: Dagger            |   107 |   309 |   189 ||   605
         Punch             |       |     1 |     4 ||     5
         Kick              |       |    40 |    68 ||   108
   Fire: Sling             |       |       |    61 ||    61
  Throw: Dart              |    13 |    22 |    34 ||    69
  Evoke: Wand              |       |       |    10 ||    10
    Use: Scroll            |       |       |    18 ||    18
         Potion            |       |       |     6 ||     6
   Stab: Sleeping          |     4 |     7 |     3 ||    14
         Distracted        |       |     1 |     2 ||     3
 Armour: Robe              |    32 |   108 |    59 ||   199
  Dodge: Dodged            |    51 |   164 |   130 ||   345

Table legend: (Time is in decaauts)
 A = Elapsed time spent in this place.
 B = Non-inter-level travel time spent in this place.
 C = Inter-level travel time spent in this place.
 D = Time resting spent in this place.
 E = Time spent auto-exploring this place.
 F = Levels seen in this place.
 G = Mean time per level.
                   A        B        C        D        E       F      G
               +--------+--------+--------+--------+--------+-----+--------+
         Total |   7609 |   7240 |    369 |   1824 |   2964 |  10 |  760.9 |
       Dungeon |   7592 |   7230 |    362 |   1824 |   2964 |   9 |  843.6 |
        Temple |     16 |      9 |      7 |      0 |      0 |   1 |   16.0 |
               +--------+--------+--------+--------+--------+-----+--------+

Top non-repeatable levels by time:
     D:5: 1411 daAuts
     D:7: 1182 daAuts
     D:4: 1091 daAuts
     D:6: 1059 daAuts
     D:2: 848 daAuts
     D:3: 758 daAuts
     D:1: 678 daAuts
     D:9: 299 daAuts
     D:8: 264 daAuts
  Temple: 16 daAuts
